 Dungeon Crawl Stone Soup version 0.29-a0-648-g6b26cc9f40 (webtiles) character file.

Game seed: 14995710808513010648

1821 CollectiveS the Cudgeller (level 8, -15/81 HPs)
             Began as a Troll Gladiator on June 20, 2022.
             Was a Believer of Fedhas.
             Demolished by an orc warrior
             ... wielding a +0 trident
              (19 damage)
             ... in a bailey.
             The game lasted 00:29:48 (6502 turns).

CollectiveS the Cudgeller (Troll Gladiator)         Turns: 6502, Time: 00:29:48

Health: -15/81     AC:  6    Str: 25    XL:     8   Next: 85%
Magic:  7/7        EV: 10    Int:  4    God:    Fedhas [**....]
Gold:   351        SH:  0    Dex: 11    Spells: 5/7 levels left

rFire   + . .      SeeInvis .   a - +1 flail
rCold   . . .      Faith    .   (no shield)
rNeg    . . .      Spirit   .   b - +0 robe
rPois   .          Reflect  .   f - +0 hat of Nofess {rF+ Stlth+}
rElec   .          Harm     .   l - +1 cloak
rCorr   .          Rampage  .   (gloves unavailable)
Will    .....                   (boots unavailable)
Stlth   ++........              s - amulet of magic regeneration
HPRegen 1.03/turn               n - ring of wizardry
MPRegen 0.50/turn               (no ring)

@: mighty
A: large, unfitting armour, claws 3, regeneration 1, shaggy fur 1, tough skin 1
a: Renounce Religion, Wall of Briars


You were in a bailey.
You worshipped Fedhas.
Fedhas was pleased with you.
You visited 2 branches of the dungeon, and saw 8 of its levels.
You also visited: Bailey.

You collected 351 gold pieces.

Inventory:

Hand Weapons
 a - a +1 flail (weapon)
Missiles
 e - a large rock (quivered)
Armour
 b - a +0 robe (worn)
 f - the +0 hat of Nofess (worn) {rF+ Stlth+}
   (You acquired it on level 3 of the Dungeon)

   rF:        It protects you from fire.
   Stlth:     It makes you more stealthy.
 l - a +1 cloak (worn)
Jewellery
 n - a ring of wizardry (left claw)
 s - an amulet of magic regeneration (around neck)
Wands
 w - a wand of iceblast (4)
 x - a wand of paralysis (3)
Scrolls
 g - a scroll of immolation
 i - 4 scrolls of torment
 m - 2 scrolls of enchant weapon
 p - 2 scrolls of teleportation
 u - a scroll of poison {unknown}
Potions
 h - 2 potions of brilliance
 j - a potion of flight {unknown}
 k - a potion of attraction
 o - a potion of curing
 q - a potion of berserk rage {unknown}
 t - a potion of cancellation
 v - a potion of ambrosia {unknown}


   Skills:
 + Level 5.5 Fighting
 * Level 7.9 Maces & Flails
 - Level 1.9 Throwing
 - Level 4.1 Dodging
 - Level 2.5 Unarmed Combat


You had 5 spell levels left.
You knew the following spells:

 Your Spells              Type           Power      Damage    Failure   Level
a - Blink                 Tloc           0%         N/A       32%         2

Your spell library contained the following spells:

 Spells                   Type           Power      Damage    Failure   Level
 Sandblast                Erth           0%         2d4       22%         1
 Passwall                 Tmut/Erth      0%         N/A       32%         2
 Inner Flame              Hex/Fire       0%         N/A       52%         3
 Lesser Beckoning         Tloc           0%         N/A       52%         3
 Stone Arrow              Conj/Erth      0%         3d7       52%         3
 Cause Fear               Hex            0%         N/A       89%         4
 Manifold Assault         Tloc           0%         N/A       99%         5
 Discord                  Hex            0%         N/A       100%        8


Dungeon Overview and Level Annotations

Branches:
Dungeon (7/15)             Temple (1/1) D:4          Bailey (1/1)

Altars:
Ashenzari
Cheibriados
Dithmenos
Fedhas
Gozag
Hepliaklqana
Kikubaaqudgha
Makhleb
Nemelex Xobeh
Okawaru
Qazlal
Ru
Sif Muna
Trog
Uskayaw
Vehumet
Xom
Yredelemnul
Zin
The Shining One

Shops:
D:5 *


Innate Abilities, Weirdness & Mutations

You are too large for most types of armour.
You have claws for hands.
Your natural rate of healing is unusually fast.
You are covered in fur. (AC +1)
You have tough skin. (AC +1)


Message History

The orc shouts!
You sock the orc warrior!
The orc warrior is moderately wounded.
The orc closely misses you.
The orc warrior hits you with a +0 trident!
You barely miss the orc warrior.
The orc warrior is moderately wounded.
The orc closely misses you.
The orc warrior hits you with a +0 trident!
* * * LOW HITPOINT WARNING * * *
Unknown command.
You hit the orc warrior but do no damage.
The orc warrior is moderately wounded.
The orc drinks a potion.
The orc seems to grow stronger.
Unknown command.
Unknown command.
You feel much better. The orc barely misses you.
The orc warrior hits you with a +0 trident!
You feel very mighty all of a sudden. The orc barely misses you.
The orc hits you with a +0 war axe. The orc warrior barely misses you.
You hit the orc warrior.
The orc warrior is heavily wounded.
The orc barely misses you. The orc misses you.
The orc warrior hits you with a +0 trident.
You barely miss the orc warrior.
The orc warrior is heavily wounded.
The orc barely misses you. The orc hits you with a +0 war axe.
The orc warrior hits you with a +0 trident!
* * * LOW HITPOINT WARNING * * *
You sock the orc warrior!
The orc warrior is almost dead.
The orc hits you from afar with a +0 halberd!
* * * LOW HITPOINT WARNING * * *
The orc hits you but does no damage.
The orc warrior hits you with a +0 trident!
* * * LOW HITPOINT WARNING * * *
The orc warrior hits you from afar with a +0 trident!!
You die...
Fedhas appreciates your contribution to the ecosystem.

#######
##..∩..##
#.......#
#∩.....∩#
#..)....#
#.)))@..#
#.)#.#oo#
#)##8##.#
#..#.#..#
#.......#
#..§§...#
#.§.....#
##.§§§.##
###o###


You could see an orc warrior and an orc.

Vanquished Creatures
  Sigmund (D:3)
  Eustachio (D:5)
  A water moccasin (D:6)
  A black bear (D:7)
  An ogre (D:6)
  3 phantoms
  A kobold brigand (D:6)
  A necrophage (D:7)
  4 wights (D:6)
  2 hounds
  2 orc priests
  3 orc wizards
  Ijyb (D:4)
  5 iguanas
  9 adders
  3 gnolls (D:4)
  A shadow imp (D:7)
  4 worms
  The ghost of CollectiveS the Sneak, a weakling FoDe of Dithmenos (D:4)
  4 dart slugs
  27 orcs
  8 bats
  9 endoplasms
  6 giant cockroaches
  8 goblins
  11 hobgoblins
  A quokka (D:2)
  8 ball pythons
  3 frilled lizards
  15 kobolds
  5 rats
150 creatures vanquished.

Vanquished Creatures (collateral kills)
  An orc warrior (Bailey)
1 creature vanquished.

Grand Total: 151 creatures vanquished

Notes
Turn   | Place    | Note
-------+----------+-------------------------------------------
     0 | D:1      | CollectiveS the Troll Gladiator began the quest for the
                  | Orb.
     0 | D:1      | Reached XP level 1. HP: 19/19 MP: 0/0
   490 | D:1      | Reached XP level 2. HP: 28/28 MP: 1/1
   650 | D:1      | Found a faded altar of an unknown god.
  1078 | D:2      | Reached skill level 3 in Maces & Flails
  1097 | D:2      | Reached XP level 3. HP: 35/35 MP: 2/2
  1286 | D:2      | Reached XP level 4. HP: 43/44 MP: 3/3
  1318 | D:2      | You fall into a shaft and drop 1 floor!
  1366 | D:3      | Noticed Sigmund
  1384 | D:2      | Found a stormy altar of Qazlal.
  2170 | D:3      | Identified a scroll of acquirement
  2176 | D:3      | Acquired the +0 hat of Nofess {rF+ Stlth+}
  2207 | D:3      | Reached XP level 5. HP: 47/50 MP: 4/4
  2485 | D:3      | Killed Sigmund
  2486 | D:3      | Reached skill level 4 in Maces & Flails
  2486 | D:3      | Reached XP level 6. HP: 59/61 MP: 5/5
  2498 | D:3      | Found a hazy altar of Hepliaklqana.
  2498 | D:3      | Found a basalt altar of Yredelemnul.
  2506 | D:3      | Found a shimmering blue altar of Sif Muna.
  2765 | D:4      | Found a staircase to the Ecumenical Temple.
  2788 | Temple   | Entered the Ecumenical Temple
  3044 | Temple   | Became a worshipper of Fedhas Madash
  3135 | D:4      | Noticed Ijyb
  3249 | D:4      | Paralysed by Ijyb for 5 turns
  3260 | D:4      | Killed Ijyb
  3276 | D:4      | Found a runed translucent door.
  3278 | D:4      | Noticed CollectiveS's ghost (weakling FoDe)
  3296 | D:4      | Learned a level 2 spell: Blink
  3805 | D:4      | Killed CollectiveS's ghost
  3860 | D:5      | Entered Level 5 of the Dungeon
  3989 | D:5      | Found Efoz's Neck Hole.
  4062 | D:5      | Reached * piety under Fedhas
  4063 | D:5      | Reached XP level 7. HP: 63/68 MP: 6/6
  4137 | D:5      | Found a shadowy altar of Dithmenos.
  4294 | D:5      | Noticed Eustachio
  4408 | D:5      | Killed Eustachio
  4409 | D:5      | Reached skill level 5 in Maces & Flails
  4409 | D:5      | Reached skill level 1 in Unarmed Combat
  5414 | D:6      | Reached skill level 6 in Maces & Flails
  5414 | D:6      | Reached XP level 8. HP: 63/79 MP: 7/7
  6102 | D:7      | Reached skill level 5 in Fighting
  6102 | D:7      | Reached skill level 7 in Maces & Flails
  6280 | D:7      | Reached ** piety under Fedhas
  6338 | D:7      | Found a flagged portal.
  6350 | Bailey   | Entered a bailey
  6501 | Bailey   | HP: 3/81 [orc warrior/+0 trident (9)]
  6502 | Bailey   | Demolished by an orc warrior

Illustrated notes

Levels and vault maps discovered:
D:1:      saegor_arrival_simple_d, layout_loops_corners,
          shapermc_ecumenical_altar_mp_urbaneastern, serial_forest,
          infiniplex_forest_clump_large, infiniplex_forest_lined_2,
          infiniplex_forest_clump_small, infiniplex_forest_lined_room_,
          infiniplex_forest_side_room, minmay_fountain_box
D:2:      minmay_chambers_of_ones, layout_loops_ring, basic_altar
D:3:      layout_basic, gammafunk_temple_overflow_claw, uniq_sigmund
D:4:      layout_rooms, minmay_temple_entry_statues_fountains,
          gammafunk_ghost_grave, sigmund_army, uniq_ijyb
D:5:      cheibrodos_iron_armory, layout_rooms, lemuel_doored_altar,
          nicolae_shop_sticking_my_neck_out, uniq_eustachio
D:6:      cheibrodos_thug_alley, layout_basic, minivault_4
D:7:      layout_cave_pools, enter_bailey_2, hex_tiny
Temple:   lightli_temple_of_artemis
Bailey:   bailey_polearm_5, bailey

Skill      XL: |  1  2  3  4  5  6  7  8 |
---------------+-------------------------+-----
Maces & Flails | 3 4 6 7 |  7.9
Fighting       | 2 3 4 5 |  5.5
Dodging        | 3 4 |  4.1
Unarmed Combat | 2 |  2.5
Throwing       | |  1.9

Action                   |  1- 3 |  4- 6 |  7- 9 || total
-------------------------+-------+-------+-------++-------
Melee: Flail             |    80 |   271 |   266 ||   617
       Punch             |     1 |     4 |     3 ||     8
Throw: Throwing net      |       |     2 |     5 ||     7
       Large rock        |       |       |     1 ||     1
Invok: Wall of Briars    |       |       |     1 ||     1
Evoke: Wand              |       |       |     5 ||     5
  Use: Scroll            |       |    10 |    11 ||    21
       Potion            |       |     1 |     4 ||     5
 Stab: Sleeping          |     1 |     6 |     1 ||     8
       Paralysed         |       |       |    10 ||    10
Armor: Robe              |    49 |    96 |   145 ||   290
Dodge: Dodged            |    56 |   184 |   191 ||   431

Table legend: (Time is in decaauts)
 A = Elapsed time spent in this place.
 B = Non-inter-level travel time spent in this place.
 C = Inter-level travel time spent in this place.
 D = Time resting spent in this place.
 E = Time spent auto-exploring this place.
 F = Levels seen in this place.
 G = Mean time per level.
                   A        B        C        D        E       F      G
               +--------+--------+--------+--------+--------+-----+--------+
         Total |   6584 |   5922 |    662 |    143 |   3023 |   9 |  731.6 |
       Dungeon |   6155 |   5520 |    635 |    114 |   2939 |   7 |  879.3 |
        Temple |    276 |    249 |     27 |      0 |     84 |   1 |  276.0 |
        Bailey |    152 |    152 |      0 |     29 |      0 |   1 |  152.0 |
               +--------+--------+--------+--------+--------+-----+--------+

Top non-repeatable levels by time:
     D:6: 1441 daAuts
     D:1: 1024 daAuts
     D:4: 1004 daAuts
     D:2: 904 daAuts
     D:3: 765 daAuts
     D:5: 749 daAuts
  Temple: 276 daAuts
     D:7: 266 daAuts
  Bailey: 152 daAuts
